SHEDIAC CRUNCH vs ST-PAUL TARANTULAS

Created - 1 avril 2025 at 14:36

Goals
1 2 3 T
SHEDIAC CRUNCH 2 2 1 5
ST-PAUL TARANTULAS 1 0 2 3
Shots
1 2 3 T
SHEDIAC CRUNCH 11 19 9 39
ST-PAUL TARANTULAS 13 15 17 45

1st period

1. SHEDIAC CRUNCH , Spencer Smallman 19 (Jake Bischoff 27, Dylan Gambrell 51) at 2:55 (PP)
2. SHEDIAC CRUNCH , Chris Harpur 2 (Rourke Chartier 24, Zach Sanford 3) at 9:10
3. ST-PAUL TARANTULAS , Cole Clayton 9 (Tyson Hinds 17, Lucas Edmonds 27) at 15:50 (PP)

Penalties :
Griffin Mendel (STP) for Hooking (Minor) at 2:27, Chris Harpur (SHE) for Hooking (Minor) at 5:04, Zach Sanford (SHE) for Roughing (Minor) at 14:36

2nd period

4. SHEDIAC CRUNCH , Spencer Smallman 20 (Justin Barron 25, Brogan Rafferty 21) at 3:17
5. SHEDIAC CRUNCH , Jake Bischoff 12 (Rourke Chartier 25, Karson Kuhlman 28) at 9:22 (PP)

Penalties :
Ben Gleason (STP) for Holding (Minor) at 8:19, Griffin Mendel (STP) for Tripping (Minor) at 9:46, Cole Clayton (STP) for Roughing (Minor) at 16:09

3rd period

6. ST-PAUL TARANTULAS , Marc Del Gaizo 5 (Cooper Marody 42, Riley Sutter 36) at 6:49 (PP)
7. SHEDIAC CRUNCH , Spencer Smallman 21 (Jake Bischoff 28) at 14:22
8. ST-PAUL TARANTULAS , Cooper Marody 25 (Marc Del Gaizo 12, Riley Sutter 37) at 14:38

Penalties :
Chris Harpur (SHE) for Holding (Minor) at 1:42, Chris Harpur (SHE) for Boarding (Double Minor) at 4:18, Justin Barron (SHE) for Cross-checking (Minor) at 8:32, Griffin Mendel (STP) for Fighting (Major) at 14:59, Dylan Gambrell (SHE) for Fighting (Major) at 14:59

Goalie Stats

Matt Villalta (SHE), 42 saves from 45 shots - (0,933), W, 33-39-9, 60:00 minutes
Jacob Ingham (STP), 20 saves from 21 shots - (0,952), 30:38 minutes
Keith Petruzzelli (STP), 14 saves from 18 shots - (0,778), L, 18-49-5, 29:22 minutes

Players Stats for SHEDIAC CRUNCH

Player Name              G  A  P  +/- PIM S  H  SB GA TA FO     MP     PP MP  PK MP  
------------------------------------------------------------------------------------
Adam Karashik            0  0  0   1  0   0  1  2  0  0  0/0    12:53   0:00   1:04 
Alex Whelan              0  0  0   0  0   3  2  0  0  0  1/3    14:51   0:00   0:00 
Anthony Vincent          0  0  0   0  0   0  1  0  0  0  0/0     3:52   0:00   0:00 
Ben Berard               0  0  0   0  0   0  0  0  0  0  4/6    16:40   0:00   2:26 
Blake McLaughlin         0  0  0   0  0   0  0  0  0  0  0/0     0:37   0:00   0:03 
Brogan Rafferty          0  1  1   1  0   2  0  3  0  0  0/0    19:57   2:59   4:17 
Chris Harpur             1  0  1   1  8   2  3  1  0  0  0/0    12:09   0:00   0:23 
Dalton Smith             0  0  0   1  0   3  2  0  0  0  1/1    19:29   2:55   0:00 
Dylan Gambrell           0  1  1   1  5   5  0  0  0  0  15/31  23:06   2:55   3:43 
Filip Engaras            0  0  0   0  0   4  1  0  0  0  12/20  16:49   0:00   1:21 
Jake Bischoff            1  2  3   0  0   1  1  2  0  0  0/0    22:10   2:30   5:01 
Jeremy Davies            0  0  0   0  0   0  2  0  0  0  0/0    22:10   2:30   5:01 
Justin Barron            0  1  1   1  2   5  1  2  0  0  0/0    24:57   2:59   3:38 
Karson Kuhlman           0  1  1   1  0   0  0  0  0  0  0/0    16:59   2:34   3:30 
Rourke Chartier          0  2  2   1  0   5  0  1  0  0  10/19  22:34   2:34   5:59 
Spencer Smallman         3  0  3   1  0   4  2  0  0  0  5/7    21:51   2:55   2:22 
Tommy Miller             0  0  0   0  0   0  1  1  0  0  0/0     5:40   0:00   0:00 
Zach Sanford             0  1  1   1  2   5  3  0  0  0  0/0    13:28   2:34   0:00 

Players Stats for ST-PAUL TARANTULAS

Player Name              G  A  P  +/- PIM S  H  SB GA TA FO     MP     PP MP  PK MP  
------------------------------------------------------------------------------------
Adam Ginning             0  0  0   0  0   1  0  0  0  0  0/0    12:07   0:00   0:00 
Aidan McDonough          0  0  0   1  0   1  0  0  0  0  1/4    21:46   4:40   2:02 
Ben Gleason              0  0  0   1  2   4  1  4  0  0  0/0    24:57   5:09   2:32 
Bryan Yoon               0  0  0   0  0   1  0  1  0  0  0/0     4:18   0:00   0:00 
Chase Wouters            0  0  0  -3  0   2  0  0  0  0  0/0    18:57   5:02   0:00 
Cole Clayton             1  0  1  -3  2   3  1  3  0  0  0/0    21:56   4:33   1:59 
Cooper Marody            1  1  2   1  0   8  0  0  0  0  14/25  25:29   4:40   3:27 
Ethan Keppen             0  0  0   0  0   1  2  0  0  0  0/0     2:18   0:00   0:00 
Griffin Mendel           0  0  0   0  9   0  3  0  0  0  0/0    11:49   0:00   0:58 
Lucas Edmonds            0  1  1  -3  0   7  1  0  0  0  2/5    18:57   5:02   0:00 
Marc Del Gaizo           1  1  2   1  0   3  1  1  0  0  0/0    21:53   5:09   2:32 
Riley Sutter             0  2  2   1  0   7  7  0  0  0  2/8    21:46   4:40   2:02 
Ryan McGregor            0  0  0   0  0   2  0  0  0  0  10/19  13:32   0:00   0:00 
Tarun Fizer              0  0  0   0  0   0  0  0  0  0  2/4     2:18   0:00   0:00 
Tristen Nielsen          0  0  0  -3  0   4  0  0  0  0  7/21   22:24   5:02   3:27 
Ty Glover                0  0  0   0  0   1  1  0  0  0  1/1    13:32   0:00   0:00 
Tyson Hinds              0  1  1  -3  0   0  4  1  0  0  0/0    22:55   4:33   2:57 
Zayde Wisdom             0  0  0   0  0   0  0  0  0  0  0/0    13:32   0:00   0:00 

3 Stars

1 - Spencer Smallman (SHE)
2 - Jake Bischoff (SHE)
3 - Riley Sutter (STP)

Power Play

SHEDIAC CRUNCH - 2 on 4 Attempt(s) - 50,00%
ST-PAUL TARANTULAS - 2 on 6 Attempt(s) - 33,33%

Penalty Kill

SHEDIAC CRUNCH - 4 on 6 Attempt(s) - 66,67% - Score 0 goal in Penalty Kill
ST-PAUL TARANTULAS - 2 on 4 Attempt(s) - 50,00% - Score 0 goal in Penalty Kill

Team Stat

SHEDIAC CRUNCH - Hits : 20 - Faceoff Wins : 48 - Blocked Shots : 12 - Penalty Minutes : 17
ST-PAUL TARANTULAS - Hits : 21 - Faceoff Wins : 39 - Blocked Shots : 10 - Penalty Minutes : 13

Official

Referees : Kendrick Nicholson and Marc Joannette
Linesman : Dennis Urban and Kyle Larson

Game Notes

Jacob Ingham enters game at 9:22 of 2nd period
Spencer Smallman has scored a Hat Trick!
Griffin Mendel and Dylan Gambrell fight to a draw at 14:59 of 3rd period

SHEDIAC CRUNCH

5 vs 5 Forward 
   Center                   Left Wing                Right Wing               Time % Phy DF OF 
 1 Dylan Gambrell           Dalton Smith             Spencer Smallman         36     1   2  2  
 2 Rourke Chartier          Zach Sanford             Karson Kuhlman           31     1   2  2  
 3 Filip Engaras            Ben Berard               Alex Whelan              23     1   2  2  
 4 Dylan Gambrell           Rourke Chartier          Anthony Vincent          10     1   2  2  

5 vs 5 Defense 
   Defense                  Defense                                           Time % Phy DF OF 
 1 Justin Barron            Brogan Rafferty                                   36     1   2  2  
 2 Jeremy Davies            Jake Bischoff                                     31     1   2  2  
 3 Tommy Miller             Justin Barron                                     23     1   2  2  
 4 Adam Karashik            Chris Harpur                                      10     1   2  2  

PowerPlay Forward 
   Center                   Left Wing                Right Wing               Time % Phy DF OF 
 1 Dylan Gambrell           Dalton Smith             Spencer Smallman         55     1   2  2  
 2 Rourke Chartier          Zach Sanford             Karson Kuhlman           45     1   2  2  

PowerPlay Defense
   Defense                  Defense                                           Time % Phy DF OF 
 1 Justin Barron            Brogan Rafferty                                   55     1   2  2  
 2 Jeremy Davies            Jake Bischoff                                     45     1   2  2  

Penalty Kill 4 Players Forward 
   Center                   Wing                     Time % Phy DF OF 
 1 Dylan Gambrell           Rourke Chartier          55     1   2  2  
 2 Spencer Smallman         Karson Kuhlman           45     1   2  2  

Penalty Kill 4 Players Defense
   Defense                  Defense                  Time % Phy DF OF 
 1 Justin Barron            Brogan Rafferty          55     1   2  2  
 2 Jeremy Davies            Jake Bischoff            45     1   2  2  

Penalty Kill - 3 Players Forward 
   Forward                                           Time % Phy DF OF 
 1 Dylan Gambrell                                    55     1   2  2  
 2 Rourke Chartier                                   45     1   2  2  

Penalty Kill - 3 Players Defense
   Defense                  Defense                  Time % Phy DF OF 
 1 Justin Barron            Brogan Rafferty          55     1   2  2  
 2 Jeremy Davies            Jake Bischoff            45     1   2  2  

4 vs 4 Forward 
   Center                   Wing                     Time % Phy DF OF 
 1 Dylan Gambrell           Rourke Chartier          55     1   2  2  
 2 Spencer Smallman         Karson Kuhlman           45     1   2  2  

4 vs 4 Defense
   Defense                  Defense                  Time % Phy DF OF 
 1 Justin Barron            Brogan Rafferty          55     1   2  2  
 2 Jeremy Davies            Jake Bischoff            45     1   2  2  

Last Minutes Offensive
   Center                   Left Wing                Right Wing               Defense                  Defense                  
   Dylan Gambrell           Dalton Smith             Spencer Smallman         Justin Barron            Brogan Rafferty          

Last Minutes Defensive
   Center                   Left Wing                Right Wing               Defense                  Defense                  
   Dylan Gambrell           Dalton Smith             Spencer Smallman         Justin Barron            Brogan Rafferty          

Goaltenders
Starting : Matt Villalta            
Backup : Isaac Poulter            

Extra Forwards
Normal : Alex Whelan, Filip Engaras, Ben Berard - PP : Alex Whelan, Filip Engaras - PK : Ben Berard
Extra Defensemen
Normal : Tommy Miller, Justin Barron, Adam Karashik - PP : Tommy Miller - PK : Justin Barron, Adam Karashik
Penalty Shots
Dylan Gambrell, Rourke Chartier, Spencer Smallman, Karson Kuhlman, Alex Whelan

Scratches
Alex Doucet (Healthy), Garrett Roe (Sprained Left Ankle Injury), Derrick Pouliot (Sports Hernia Injury), Jacob Pivonka (Healthy), Gustavs Davis Grigals (Healthy)

ST-PAUL TARANTULAS

5 vs 5 Forward 
   Center                   Left Wing                Right Wing               Time % Phy DF OF 
 1 Cooper Marody            Aidan McDonough          Riley Sutter             36     1   2  2  
 2 Tristen Nielsen          Chase Wouters            Lucas Edmonds            31     1   2  2  
 3 Ryan McGregor            Ty Glover                Zayde Wisdom             23     1   2  2  
 4 Tarun Fizer              Ethan Keppen             Cooper Marody            10     1   2  2  

5 vs 5 Defense 
   Defense                  Defense                                           Time % Phy DF OF 
 1 Ben Gleason              Marc Del Gaizo                                    36     1   2  2  
 2 Cole Clayton             Tyson Hinds                                       31     1   2  2  
 3 Adam Ginning             Griffin Mendel                                    23     1   2  2  
 4 Bryan Yoon               Ben Gleason                                       10     1   2  2  

PowerPlay Forward 
   Center                   Left Wing                Right Wing               Time % Phy DF OF 
 1 Cooper Marody            Aidan McDonough          Riley Sutter             55     1   2  2  
 2 Tristen Nielsen          Chase Wouters            Lucas Edmonds            45     1   2  2  

PowerPlay Defense
   Defense                  Defense                                           Time % Phy DF OF 
 1 Ben Gleason              Marc Del Gaizo                                    55     1   2  2  
 2 Cole Clayton             Tyson Hinds                                       45     1   2  2  

Penalty Kill 4 Players Forward 
   Center                   Wing                     Time % Phy DF OF 
 1 Cooper Marody            Tristen Nielsen          55     1   2  2  
 2 Riley Sutter             Aidan McDonough          45     1   2  2  

Penalty Kill 4 Players Defense
   Defense                  Defense                  Time % Phy DF OF 
 1 Ben Gleason              Marc Del Gaizo           55     1   2  2  
 2 Cole Clayton             Tyson Hinds              45     1   2  2  

Penalty Kill - 3 Players Forward 
   Forward                                           Time % Phy DF OF 
 1 Cooper Marody                                     55     1   2  2  
 2 Tristen Nielsen                                   45     1   2  2  

Penalty Kill - 3 Players Defense
   Defense                  Defense                  Time % Phy DF OF 
 1 Ben Gleason              Marc Del Gaizo           55     1   2  2  
 2 Cole Clayton             Tyson Hinds              45     1   2  2  

4 vs 4 Forward 
   Center                   Wing                     Time % Phy DF OF 
 1 Cooper Marody            Tristen Nielsen          55     1   2  2  
 2 Riley Sutter             Aidan McDonough          45     1   2  2  

4 vs 4 Defense
   Defense                  Defense                  Time % Phy DF OF 
 1 Ben Gleason              Marc Del Gaizo           55     1   2  2  
 2 Cole Clayton             Tyson Hinds              45     1   2  2  

Last Minutes Offensive
   Center                   Left Wing                Right Wing               Defense                  Defense                  
   Cooper Marody            Aidan McDonough          Riley Sutter             Ben Gleason              Marc Del Gaizo           

Last Minutes Defensive
   Center                   Left Wing                Right Wing               Defense                  Defense                  
   Cooper Marody            Aidan McDonough          Riley Sutter             Ben Gleason              Marc Del Gaizo           

Goaltenders
Starting : Keith Petruzzelli        
Backup : Jacob Ingham             

Extra Forwards
Normal : Ryan McGregor, Ty Glover, Zayde Wisdom - PP : Ryan McGregor, Ty Glover - PK : Zayde Wisdom
Extra Defensemen
Normal : Adam Ginning, Griffin Mendel, Bryan Yoon - PP : Adam Ginning - PK : Griffin Mendel, Bryan Yoon
Penalty Shots
Cooper Marody, Tristen Nielsen, Riley Sutter, Aidan McDonough, Chase Wouters

Scratches
Akim Aliu (Healthy), Blade Jenkins (Healthy), Chas Sharpe (Healthy), Carson Focht (Healthy), Brandon Estes (Healthy)
Mathieu De St. Phalle (Healthy), Jarrod Gourley (Healthy), Hunter Jones (Healthy), Jared Moe (Healthy), Nolan Maier (Healthy)

% Time on Ice - SHEDIAC CRUNCH

Lines # - Real PCT - Wanted PCT - Time Play
Normal Forward
1 - 37% - 36% - 16:34
2 - 24% - 31% - 10:55
3 - 32% - 23% - 14:14
4 - 7% - 10% - 3:06
Normal Defense
1 - 28% - 36% - 12:41
2 - 33% - 31% - 14:39
3 - 13% - 23% - 5:40
4 - 26% - 10% - 11:49
PP Forward
1 - 53% - 55% - 2:55
2 - 47% - 45% - 2:34
PP Defense
1 - 54% - 55% - 2:59
2 - 46% - 45% - 2:30
PK Forward
1 - 64% - 55% - 6:12
2 - 36% - 45% - 3:30
PK Defense
1 - 48% - 55% - 4:40
2 - 52% - 45% - 5:02
PK3 Forward
1 - 0% - 55%
2 - 0% - 45%
PK3 Defense
1 - 0% - 55%
2 - 0% - 45%
44 Forward
1 - 0% - 55%
2 - 0% - 45%
44 Defense
1 - 0% - 55%
2 - 0% - 45%
Last Minute Offensive  - 0:00
Last Minute Defensive  - 0:00
Total
Forward - 60:00
Defense - 60:00

% Time on Ice - ST-PAUL TARANTULAS

Lines # - Real PCT - Wanted PCT - Time Play
Normal Forward
1 - 34% - 36% - 15:04
2 - 31% - 31% - 13:55
3 - 30% - 23% - 13:32
4 - 5% - 10% - 2:18
Normal Defense
1 - 32% - 36% - 14:12
2 - 34% - 31% - 15:25
3 - 27% - 23% - 12:07
4 - 7% - 10% - 3:05
PP Forward
1 - 48% - 55% - 4:40
2 - 52% - 45% - 5:02
PP Defense
1 - 53% - 55% - 5:09
2 - 47% - 45% - 4:33
PK Forward
1 - 63% - 55% - 3:27
2 - 37% - 45% - 2:02
PK Defense
1 - 46% - 55% - 2:32
2 - 54% - 45% - 2:57
PK3 Forward
1 - 0% - 55%
2 - 0% - 45%
PK3 Defense
1 - 0% - 55%
2 - 0% - 45%
44 Forward
1 - 0% - 55%
2 - 0% - 45%
44 Defense
1 - 0% - 55%
2 - 0% - 45%
Last Minute Offensive  - 0:00
Last Minute Defensive  - 0:00
Total
Forward - 60:00
Defense - 60:00

Play-by-Play

1st period


0:01 of 1st period - Dylan Gambrell wins face-off versus Cooper Marody in neutral zone.
0:06 of 1st period - Shot by Spencer Smallman.
0:06 of 1st period - Shot Misses the Net.
0:13 of 1st period - Aidan McDonough is hit by Justin Barron and loses puck.
0:20 of 1st period - Marc Del Gaizo is hit by Dalton Smith and loses puck.
1:09 of 1st period - Shot by Lucas Edmonds.
1:09 of 1st period - Stopped by Matt Villalta with a rebound.
1:23 of 1st period - Icing by Cole Clayton.
1:24 of 1st period - Filip Engaras wins face-off versus Tristen Nielsen in ST-PAUL TARANTULAS zone.
1:29 of 1st period - Shot by Alex Whelan.
1:29 of 1st period - Shot Misses the Net.
1:31 of 1st period - Shot by Alex Whelan.
1:31 of 1st period - Shot Misses the Net.
1:33 of 1st period - Shot by Filip Engaras.
1:33 of 1st period - Shot Blocked by Cole Clayton.
1:52 of 1st period - Icing by Chris Harpur.
1:53 of 1st period - Ryan McGregor wins face-off versus Filip Engaras in SHEDIAC CRUNCH zone.
2:03 of 1st period - Icing by Chris Harpur.
2:04 of 1st period - Filip Engaras wins face-off versus Tarun Fizer in SHEDIAC CRUNCH zone.
2:04 of 1st period - Filip Engaras is hit by Ethan Keppen.
2:10 of 1st period - Shot by Alex Whelan.
2:10 of 1st period - Shot Blocked by Bryan Yoon.
2:12 of 1st period - Shot by Chris Harpur.
2:12 of 1st period - Stopped by Keith Petruzzelli with a rebound.
2:14 of 1st period - Shot by Alex Whelan.
2:14 of 1st period - Stopped by Keith Petruzzelli without a rebound.
2:15 of 1st period - Dylan Gambrell wins face-off versus Ryan McGregor in ST-PAUL TARANTULAS zone.
2:15 of 1st period - Justin Barron is hit by Griffin Mendel and loses puck.
2:27 of 1st period - Minor Penalty to Griffin Mendel for Hooking.
2:28 of 1st period - Cooper Marody wins face-off versus Dylan Gambrell in ST-PAUL TARANTULAS zone.
2:55 of 1st period - Shot by Spencer Smallman.
2:55 of 1st period - Goal by Spencer Smallman - SHEDIAC CRUNCH : 1 - ST-PAUL TARANTULAS : 0.
2:56 of 1st period - Ryan McGregor wins face-off versus Rourke Chartier in neutral zone.
3:10 of 1st period - Rourke Chartier is hit by Griffin Mendel and loses puck.
3:51 of 1st period - Shot by Alex Whelan.
3:51 of 1st period - Stopped by Keith Petruzzelli without a rebound.
3:52 of 1st period - Dylan Gambrell wins face-off versus Cooper Marody in ST-PAUL TARANTULAS zone.
3:57 of 1st period - Shot by Dylan Gambrell.
3:57 of 1st period - Shot Misses the Net.
4:10 of 1st period - Cooper Marody is hit by Adam Karashik and loses puck.
5:02 of 1st period - Lucas Edmonds is hit by Chris Harpur and loses puck.
5:04 of 1st period - Minor Penalty to Chris Harpur for Hooking.
5:05 of 1st period - Ben Berard wins face-off versus Tristen Nielsen in SHEDIAC CRUNCH zone.
5:52 of 1st period - Shot by Riley Sutter.
5:52 of 1st period - Stopped by Matt Villalta with a rebound.
6:05 of 1st period - Off-side.
6:06 of 1st period - Dylan Gambrell wins face-off versus Riley Sutter in neutral zone.
7:04 of 1st period - Shot by Tristen Nielsen.
7:04 of 1st period - Stopped by Matt Villalta without a rebound.
7:05 of 1st period - Ryan McGregor wins face-off versus Filip Engaras in SHEDIAC CRUNCH zone.
7:05 of 1st period - Ryan McGregor is hit by Jeremy Davies.
7:12 of 1st period - Zayde Wisdom is hit by Jeremy Davies and loses puck.
7:20 of 1st period - Ryan McGregor is hit by Jake Bischoff and loses puck.
7:28 of 1st period - Alex Whelan is hit by Griffin Mendel and loses puck.
8:01 of 1st period - Filip Engaras is hit by Tyson Hinds and loses puck.
8:09 of 1st period - Icing by Cole Clayton.
8:10 of 1st period - Lucas Edmonds wins face-off versus Spencer Smallman in ST-PAUL TARANTULAS zone.
8:10 of 1st period - Lucas Edmonds is hit by Spencer Smallman.
8:36 of 1st period - Tyson Hinds is hit by Dalton Smith and loses puck.
9:04 of 1st period - Shot by Zach Sanford.
9:04 of 1st period - Stopped by Keith Petruzzelli with a rebound.
9:08 of 1st period - Shot by Rourke Chartier.
9:08 of 1st period - Shot Misses the Net.
9:10 of 1st period - Shot by Chris Harpur.
9:10 of 1st period - Goal by Chris Harpur - SHEDIAC CRUNCH : 2 - ST-PAUL TARANTULAS : 0.
9:11 of 1st period - Rourke Chartier wins face-off versus Cooper Marody in neutral zone.
9:37 of 1st period - Icing by Justin Barron.
9:38 of 1st period - Rourke Chartier wins face-off versus Ryan McGregor in SHEDIAC CRUNCH zone.
9:58 of 1st period - Shot by Ryan McGregor.
9:58 of 1st period - Stopped by Matt Villalta without a rebound.
9:59 of 1st period - Dylan Gambrell wins face-off versus Cooper Marody in SHEDIAC CRUNCH zone.
9:59 of 1st period - Dalton Smith is hit by Riley Sutter and loses puck.
10:06 of 1st period - Shot by Riley Sutter.
10:06 of 1st period - Stopped by Matt Villalta without a rebound.
10:07 of 1st period - Cooper Marody wins face-off versus Dylan Gambrell in SHEDIAC CRUNCH zone.
10:10 of 1st period - Shot by Riley Sutter.
10:10 of 1st period - Stopped by Matt Villalta with a rebound.
10:12 of 1st period - Shot by Ben Gleason.
10:12 of 1st period - Shot Misses the Net.
10:22 of 1st period - Shot by Cooper Marody.
10:22 of 1st period - Stopped by Matt Villalta without a rebound.
10:23 of 1st period - Filip Engaras wins face-off versus Tristen Nielsen in SHEDIAC CRUNCH zone.
10:28 of 1st period - Shot by Filip Engaras.
10:28 of 1st period - Shot Misses the Net.
11:16 of 1st period - Shot by Spencer Smallman.
11:16 of 1st period - Shot Misses the Net.
11:41 of 1st period - Icing by Chase Wouters.
11:42 of 1st period - Rourke Chartier wins face-off versus Tristen Nielsen in ST-PAUL TARANTULAS zone.
12:09 of 1st period - Justin Barron is hit by Riley Sutter and loses puck.
12:16 of 1st period - Off-side.
12:17 of 1st period - Filip Engaras wins face-off versus Ryan McGregor in neutral zone.
13:42 of 1st period - Riley Sutter is hit by Tommy Miller and loses puck.
14:10 of 1st period - Tommy Miller is hit by Riley Sutter and loses puck.
14:35 of 1st period - Tristen Nielsen is hit by Zach Sanford and loses puck.
14:36 of 1st period - Minor Penalty to Zach Sanford for Roughing.
14:37 of 1st period - Ben Berard wins face-off versus Tristen Nielsen in SHEDIAC CRUNCH zone.
14:52 of 1st period - Shot by Lucas Edmonds.
14:52 of 1st period - Shot Blocked by Rourke Chartier.
14:54 of 1st period - Shot by Lucas Edmonds.
14:54 of 1st period - Stopped by Matt Villalta without a rebound.
14:55 of 1st period - Ben Berard wins face-off versus Cooper Marody in SHEDIAC CRUNCH zone.
15:04 of 1st period - Shot by Cooper Marody.
15:04 of 1st period - Shot Misses the Net.
15:24 of 1st period - Shot by Cooper Marody.
15:24 of 1st period - Shot Misses the Net.
15:44 of 1st period - Shot by Lucas Edmonds.
15:44 of 1st period - Shot Blocked by Brogan Rafferty.
15:46 of 1st period - Shot by Cole Clayton.
15:46 of 1st period - Stopped by Matt Villalta with a rebound.
15:48 of 1st period - Shot by Tyson Hinds.
15:48 of 1st period - Shot Misses the Net.
15:50 of 1st period - Shot by Cole Clayton.
15:50 of 1st period - Goal by Cole Clayton - SHEDIAC CRUNCH : 2 - ST-PAUL TARANTULAS : 1.
15:51 of 1st period - Ryan McGregor wins face-off versus Rourke Chartier in neutral zone.
16:33 of 1st period - Icing by Filip Engaras.
16:34 of 1st period - Filip Engaras wins face-off versus Tarun Fizer in SHEDIAC CRUNCH zone.
16:34 of 1st period - Filip Engaras is hit by Ethan Keppen.
17:02 of 1st period - Shot by Cooper Marody.
17:02 of 1st period - Stopped by Matt Villalta with a rebound.
17:28 of 1st period - Shot by Dylan Gambrell.
17:28 of 1st period - Stopped by Keith Petruzzelli without a rebound.
17:29 of 1st period - Tristen Nielsen wins face-off versus Dylan Gambrell in ST-PAUL TARANTULAS zone.
17:44 of 1st period - Shot by Chase Wouters.
17:44 of 1st period - Stopped by Matt Villalta without a rebound.
17:45 of 1st period - Ryan McGregor wins face-off versus Rourke Chartier in SHEDIAC CRUNCH zone.
17:52 of 1st period - Shot by Rourke Chartier.
17:52 of 1st period - Shot Misses the Net.
17:54 of 1st period - Shot by Rourke Chartier.
17:54 of 1st period - Shot Misses the Net.
18:29 of 1st period - Shot by Dylan Gambrell.
18:29 of 1st period - Stopped by Keith Petruzzelli with a rebound.
18:33 of 1st period - Shot by Dalton Smith.
18:33 of 1st period - Stopped by Keith Petruzzelli without a rebound.
18:34 of 1st period - Dylan Gambrell wins face-off versus Cooper Marody in ST-PAUL TARANTULAS zone.
18:37 of 1st period - Shot by Spencer Smallman.
18:37 of 1st period - Stopped by Keith Petruzzelli with a rebound.
18:57 of 1st period - Shot by Riley Sutter.
18:57 of 1st period - Stopped by Matt Villalta without a rebound.
18:58 of 1st period - Tristen Nielsen wins face-off versus Filip Engaras in SHEDIAC CRUNCH zone.
19:01 of 1st period - Shot by Lucas Edmonds.
19:01 of 1st period - Shot Misses the Net.
19:11 of 1st period - Shot by Alex Whelan.
19:11 of 1st period - Stopped by Keith Petruzzelli without a rebound.
19:12 of 1st period - Dylan Gambrell wins face-off versus Cooper Marody in ST-PAUL TARANTULAS zone.
19:13 of 1st period - Shot by Spencer Smallman.
19:13 of 1st period - Shot Blocked by Marc Del Gaizo.
Goals for this period are 2 for SHEDIAC CRUNCH vs 1 for ST-PAUL TARANTULAS.
Shots for this period are 11 for SHEDIAC CRUNCH vs 13 for ST-PAUL TARANTULAS.

2nd period


0:01 of 2nd period - Cooper Marody wins face-off versus Rourke Chartier in neutral zone.
0:01 of 2nd period - Cooper Marody is hit by Zach Sanford.
0:15 of 2nd period - Justin Barron is hit by Riley Sutter.
0:21 of 2nd period - Shot by Justin Barron.
0:21 of 2nd period - Shot Misses the Net.
1:08 of 2nd period - Shot by Dylan Gambrell.
1:08 of 2nd period - Stopped by Keith Petruzzelli without a rebound.
1:09 of 2nd period - Ryan McGregor wins face-off versus Ben Berard in ST-PAUL TARANTULAS zone.
1:14 of 2nd period - Chris Harpur is hit by Ty Glover.
1:40 of 2nd period - Alex Whelan is hit by Tyson Hinds.
1:43 of 2nd period - Icing by Cole Clayton.
1:44 of 2nd period - Ryan McGregor wins face-off versus Dylan Gambrell in ST-PAUL TARANTULAS zone.
2:17 of 2nd period - Shot by Lucas Edmonds.
2:17 of 2nd period - Stopped by Matt Villalta with a rebound.
2:21 of 2nd period - Shot by Lucas Edmonds.
2:21 of 2nd period - Shot Misses the Net.
2:23 of 2nd period - Shot by Adam Ginning.
2:23 of 2nd period - Stopped by Matt Villalta with a rebound.
2:25 of 2nd period - Shot by Lucas Edmonds.
2:25 of 2nd period - Stopped by Matt Villalta without a rebound.
2:26 of 2nd period - Cooper Marody wins face-off versus Rourke Chartier in SHEDIAC CRUNCH zone.
2:34 of 2nd period - Icing by Rourke Chartier.
2:35 of 2nd period - Rourke Chartier wins face-off versus Cooper Marody in SHEDIAC CRUNCH zone.
2:35 of 2nd period - Rourke Chartier is hit by Riley Sutter.
3:07 of 2nd period - Shot by Zach Sanford.
3:07 of 2nd period - Stopped by Keith Petruzzelli without a rebound.
3:08 of 2nd period - Dylan Gambrell wins face-off versus Tristen Nielsen in ST-PAUL TARANTULAS zone.
3:17 of 2nd period - Shot by Spencer Smallman.
3:17 of 2nd period - Goal by Spencer Smallman - SHEDIAC CRUNCH : 3 - ST-PAUL TARANTULAS : 1.
3:18 of 2nd period - Filip Engaras wins face-off versus Ryan McGregor in neutral zone.
3:39 of 2nd period - Shot by Filip Engaras.
3:39 of 2nd period - Stopped by Keith Petruzzelli with a rebound.
3:53 of 2nd period - Shot by Ryan McGregor.
3:53 of 2nd period - Shot Blocked by Justin Barron.
4:28 of 2nd period - Rourke Chartier is hit by Cole Clayton and loses puck.
4:45 of 2nd period - Aidan McDonough is hit by Anthony Vincent and loses puck.
5:29 of 2nd period - Icing by Dalton Smith.
5:30 of 2nd period - Spencer Smallman wins face-off versus Tristen Nielsen in SHEDIAC CRUNCH zone.
5:30 of 2nd period - Spencer Smallman is hit by Lucas Edmonds.
5:44 of 2nd period - Shot by Filip Engaras.
5:44 of 2nd period - Stopped by Keith Petruzzelli without a rebound.
5:45 of 2nd period - Filip Engaras wins face-off versus Tristen Nielsen in ST-PAUL TARANTULAS zone.
5:46 of 2nd period - Shot by Justin Barron.
5:46 of 2nd period - Shot Misses the Net.
6:09 of 2nd period - Shot by Lucas Edmonds.
6:09 of 2nd period - Stopped by Matt Villalta with a rebound.
6:11 of 2nd period - Shot by Ben Gleason.
6:11 of 2nd period - Stopped by Matt Villalta without a rebound.
6:12 of 2nd period - Cooper Marody wins face-off versus Dylan Gambrell in SHEDIAC CRUNCH zone.
7:44 of 2nd period - Shot by Rourke Chartier.
7:44 of 2nd period - Stopped by Keith Petruzzelli without a rebound.
7:45 of 2nd period - Filip Engaras wins face-off versus Ryan McGregor in ST-PAUL TARANTULAS zone.
7:46 of 2nd period - Shot by Alex Whelan.
7:46 of 2nd period - Shot Blocked by Ben Gleason.
8:19 of 2nd period - Minor Penalty to Ben Gleason for Holding.
8:20 of 2nd period - Cooper Marody wins face-off versus Dylan Gambrell in ST-PAUL TARANTULAS zone.
9:18 of 2nd period - Shot by Karson Kuhlman.
9:18 of 2nd period - Shot Misses the Net.
9:20 of 2nd period - Shot by Rourke Chartier.
9:20 of 2nd period - Shot Misses the Net.
9:22 of 2nd period - Shot by Jake Bischoff.
9:22 of 2nd period - Goal by Jake Bischoff - SHEDIAC CRUNCH : 4 - ST-PAUL TARANTULAS : 1.
9:22 of 2nd period - Jacob Ingham enters game.
9:23 of 2nd period - Alex Whelan wins face-off versus Ryan McGregor in neutral zone.
9:34 of 2nd period - Shot by Filip Engaras.
9:34 of 2nd period - Shot Blocked by Ben Gleason.
9:36 of 2nd period - Shot by Filip Engaras.
9:36 of 2nd period - Stopped by Jacob Ingham without a rebound.
9:37 of 2nd period - Rourke Chartier wins face-off versus Ryan McGregor in ST-PAUL TARANTULAS zone.
9:46 of 2nd period - Minor Penalty to Griffin Mendel for Tripping.
9:47 of 2nd period - Dylan Gambrell wins face-off versus Riley Sutter in ST-PAUL TARANTULAS zone.
10:12 of 2nd period - Shot by Dylan Gambrell.
10:12 of 2nd period - Stopped by Jacob Ingham without a rebound.
10:13 of 2nd period - Cooper Marody wins face-off versus Rourke Chartier in ST-PAUL TARANTULAS zone.
10:13 of 2nd period - Cooper Marody is hit by Zach Sanford.
10:32 of 2nd period - Shot by Jeremy Davies.
10:32 of 2nd period - Shot Blocked by Cole Clayton.
10:34 of 2nd period - Shot by Jeremy Davies.
10:34 of 2nd period - Shot Misses the Net.
10:36 of 2nd period - Shot by Rourke Chartier.
10:36 of 2nd period - Stopped by Jacob Ingham without a rebound.
10:37 of 2nd period - Dylan Gambrell wins face-off versus Riley Sutter in ST-PAUL TARANTULAS zone.
10:38 of 2nd period - Shot by Justin Barron.
10:38 of 2nd period - Shot Blocked by Ben Gleason.
10:40 of 2nd period - Shot by Justin Barron.
10:40 of 2nd period - Shot Blocked by Ben Gleason.
10:42 of 2nd period - Shot by Justin Barron.
10:42 of 2nd period - Shot Misses the Net.
10:44 of 2nd period - Shot by Justin Barron.
10:44 of 2nd period - Stopped by Jacob Ingham without a rebound.
10:45 of 2nd period - Cooper Marody wins face-off versus Dylan Gambrell in ST-PAUL TARANTULAS zone.
10:51 of 2nd period - Icing by Justin Barron.
10:52 of 2nd period - Dylan Gambrell wins face-off versus Cooper Marody in SHEDIAC CRUNCH zone.
10:59 of 2nd period - Shot by Justin Barron.
10:59 of 2nd period - Stopped by Jacob Ingham with a rebound.
11:01 of 2nd period - Shot by Brogan Rafferty.
11:01 of 2nd period - Stopped by Jacob Ingham without a rebound.
11:02 of 2nd period - Rourke Chartier wins face-off versus Cooper Marody in ST-PAUL TARANTULAS zone.
12:03 of 2nd period - Shot by Dylan Gambrell.
12:03 of 2nd period - Shot Misses the Net.
12:14 of 2nd period - Spencer Smallman is hit by Tyson Hinds and loses puck.
12:23 of 2nd period - Shot by Ethan Keppen.
12:23 of 2nd period - Stopped by Matt Villalta with a rebound.
12:25 of 2nd period - Shot by Cole Clayton.
12:25 of 2nd period - Stopped by Matt Villalta without a rebound.
12:26 of 2nd period - Tristen Nielsen wins face-off versus Filip Engaras in SHEDIAC CRUNCH zone.
12:33 of 2nd period - Shot by Lucas Edmonds.
12:33 of 2nd period - Shot Misses the Net.
12:55 of 2nd period - Shot by Tristen Nielsen.
12:55 of 2nd period - Stopped by Matt Villalta with a rebound.
13:11 of 2nd period - Icing by Griffin Mendel.
13:12 of 2nd period - Dylan Gambrell wins face-off versus Tristen Nielsen in ST-PAUL TARANTULAS zone.
14:29 of 2nd period - Icing by Cole Clayton.
14:30 of 2nd period - Filip Engaras wins face-off versus Ryan McGregor in ST-PAUL TARANTULAS zone.
14:52 of 2nd period - Shot by Ty Glover.
14:52 of 2nd period - Stopped by Matt Villalta without a rebound.
14:53 of 2nd period - Tristen Nielsen wins face-off versus Rourke Chartier in SHEDIAC CRUNCH zone.
14:54 of 2nd period - Shot by Chase Wouters.
14:54 of 2nd period - Shot Misses the Net.
15:05 of 2nd period - Icing by Adam Ginning.
15:06 of 2nd period - Tristen Nielsen wins face-off versus Alex Whelan in ST-PAUL TARANTULAS zone.
15:11 of 2nd period - Shot by Tristen Nielsen.
15:11 of 2nd period - Stopped by Matt Villalta without a rebound.
15:12 of 2nd period - Filip Engaras wins face-off versus Aidan McDonough in SHEDIAC CRUNCH zone.
15:12 of 2nd period - Filip Engaras is hit by Riley Sutter.
15:19 of 2nd period - Justin Barron is hit by Riley Sutter and loses puck.
15:50 of 2nd period - Shot by Aidan McDonough.
15:50 of 2nd period - Stopped by Matt Villalta without a rebound.
15:51 of 2nd period - Rourke Chartier wins face-off versus Lucas Edmonds in SHEDIAC CRUNCH zone.
16:09 of 2nd period - Minor Penalty to Cole Clayton for Roughing.
16:10 of 2nd period - Cooper Marody wins face-off versus Dylan Gambrell in ST-PAUL TARANTULAS zone.
16:10 of 2nd period - Cooper Marody is hit by Spencer Smallman.
16:39 of 2nd period - Jeremy Davies is hit by Marc Del Gaizo and loses puck.
17:15 of 2nd period - Shot by Justin Barron.
17:15 of 2nd period - Stopped by Jacob Ingham without a rebound.
17:16 of 2nd period - Rourke Chartier wins face-off versus Aidan McDonough in ST-PAUL TARANTULAS zone.
17:23 of 2nd period - Shot by Brogan Rafferty.
17:23 of 2nd period - Stopped by Jacob Ingham without a rebound.
17:24 of 2nd period - Spencer Smallman wins face-off versus Riley Sutter in ST-PAUL TARANTULAS zone.
17:33 of 2nd period - Shot by Justin Barron.
17:33 of 2nd period - Shot Misses the Net.
17:35 of 2nd period - Shot by Justin Barron.
17:35 of 2nd period - Stopped by Jacob Ingham without a rebound.
17:36 of 2nd period - Rourke Chartier wins face-off versus Riley Sutter in ST-PAUL TARANTULAS zone.
17:44 of 2nd period - Icing by Rourke Chartier.
17:45 of 2nd period - Rourke Chartier wins face-off versus Riley Sutter in SHEDIAC CRUNCH zone.
18:00 of 2nd period - Shot by Rourke Chartier.
18:00 of 2nd period - Deflect By Karson Kuhlman.
18:00 of 2nd period - Shot Misses the Net.
18:02 of 2nd period - Shot by Rourke Chartier.
18:02 of 2nd period - Stopped by Jacob Ingham with a rebound.
18:04 of 2nd period - Shot by Rourke Chartier.
18:04 of 2nd period - Stopped by Jacob Ingham with a rebound.
18:18 of 2nd period - Shot by Dylan Gambrell.
18:18 of 2nd period - Stopped by Jacob Ingham without a rebound.
18:19 of 2nd period - Filip Engaras wins face-off versus Lucas Edmonds in ST-PAUL TARANTULAS zone.
18:33 of 2nd period - Filip Engaras is hit by Ben Gleason.
18:45 of 2nd period - Shot by Tristen Nielsen.
18:45 of 2nd period - Shot Blocked by Tommy Miller.
18:51 of 2nd period - Shot by Tristen Nielsen.
18:51 of 2nd period - Stopped by Matt Villalta with a rebound.
19:09 of 2nd period - Riley Sutter is hit by Alex Whelan and loses puck.
19:22 of 2nd period - Shot by Riley Sutter.
19:22 of 2nd period - Stopped by Matt Villalta with a rebound.
19:32 of 2nd period - Shot by Cooper Marody.
19:32 of 2nd period - Shot Misses the Net.
19:40 of 2nd period - Shot by Cooper Marody.
19:40 of 2nd period - Shot Misses the Net.
19:42 of 2nd period - Shot by Riley Sutter.
19:42 of 2nd period - Stopped by Matt Villalta without a rebound.
19:43 of 2nd period - Ryan McGregor wins face-off versus Dylan Gambrell in SHEDIAC CRUNCH zone.
19:54 of 2nd period - Shot by Ryan McGregor.
19:54 of 2nd period - Stopped by Matt Villalta without a rebound.
19:55 of 2nd period - Lucas Edmonds wins face-off versus Dylan Gambrell in SHEDIAC CRUNCH zone.
Goals for this period are 2 for SHEDIAC CRUNCH vs 0 for ST-PAUL TARANTULAS.
Shots for this period are 19 for SHEDIAC CRUNCH vs 15 for ST-PAUL TARANTULAS.

3rd period


0:01 of 3rd period - Cooper Marody wins face-off versus Rourke Chartier in neutral zone.
0:12 of 3rd period - Shot by Cooper Marody.
0:12 of 3rd period - Stopped by Matt Villalta with a rebound.
0:24 of 3rd period - Shot by Zach Sanford.
0:24 of 3rd period - Stopped by Jacob Ingham with a rebound.
0:30 of 3rd period - Shot by Justin Barron.
0:30 of 3rd period - Stopped by Jacob Ingham with a rebound.
1:00 of 3rd period - Shot by Dylan Gambrell.
1:00 of 3rd period - Shot Blocked by Tyson Hinds.
1:02 of 3rd period - Shot by Spencer Smallman.
1:02 of 3rd period - Shot Misses the Net.
1:06 of 3rd period - Shot by Dylan Gambrell.
1:06 of 3rd period - Deflect By Dalton Smith.
1:06 of 3rd period - Stopped by Jacob Ingham without a rebound.
1:07 of 3rd period - Ryan McGregor wins face-off versus Filip Engaras in ST-PAUL TARANTULAS zone.
1:07 of 3rd period - Ryan McGregor is hit by Alex Whelan.
1:29 of 3rd period - Shot by Ty Glover.
1:29 of 3rd period - Shot Blocked by Adam Karashik.
1:32 of 3rd period - Zayde Wisdom is hit by Chris Harpur and loses puck.
1:42 of 3rd period - Minor Penalty to Chris Harpur for Holding.
1:43 of 3rd period - Dylan Gambrell wins face-off versus Tristen Nielsen in SHEDIAC CRUNCH zone.
2:13 of 3rd period - Off-side.
2:14 of 3rd period - Spencer Smallman wins face-off versus Cooper Marody in neutral zone.
2:49 of 3rd period - Shot by Ben Gleason.
2:49 of 3rd period - Stopped by Matt Villalta with a rebound.
3:45 of 3rd period - Shot by Ryan McGregor.
3:45 of 3rd period - Shot Blocked by Chris Harpur.
4:01 of 3rd period - Shot by Filip Engaras.
4:01 of 3rd period - Shot Misses the Net.
4:18 of 3rd period - Double Minor Penalty to Chris Harpur for Boarding.
4:19 of 3rd period - Riley Sutter wins face-off versus Dylan Gambrell in SHEDIAC CRUNCH zone.
4:20 of 3rd period - Shot by Marc Del Gaizo.
4:20 of 3rd period - Stopped by Matt Villalta without a rebound.
4:21 of 3rd period - Aidan McDonough wins face-off versus Dylan Gambrell in SHEDIAC CRUNCH zone.
4:48 of 3rd period - Shot by Cooper Marody.
4:48 of 3rd period - Stopped by Matt Villalta without a rebound.
4:49 of 3rd period - Spencer Smallman wins face-off versus Tristen Nielsen in SHEDIAC CRUNCH zone.
4:57 of 3rd period - Icing by Cole Clayton.
4:58 of 3rd period - Tristen Nielsen wins face-off versus Dylan Gambrell in ST-PAUL TARANTULAS zone.
5:34 of 3rd period - Shot by Tristen Nielsen.
5:34 of 3rd period - Shot Misses the Net.
5:36 of 3rd period - Shot by Lucas Edmonds.
5:36 of 3rd period - Stopped by Matt Villalta without a rebound.
5:37 of 3rd period - Dylan Gambrell wins face-off versus Aidan McDonough in SHEDIAC CRUNCH zone.
5:54 of 3rd period - Shot by Cooper Marody.
5:54 of 3rd period - Shot Blocked by Brogan Rafferty.
5:56 of 3rd period - Shot by Marc Del Gaizo.
5:56 of 3rd period - Stopped by Matt Villalta with a rebound.
5:58 of 3rd period - Shot by Ben Gleason.
5:58 of 3rd period - Shot Misses the Net.
6:00 of 3rd period - Shot by Riley Sutter.
6:00 of 3rd period - Shot Misses the Net.
6:02 of 3rd period - Shot by Ben Gleason.
6:02 of 3rd period - Shot Blocked by Justin Barron.
6:06 of 3rd period - Shot by Riley Sutter.
6:06 of 3rd period - Stopped by Matt Villalta without a rebound.
6:07 of 3rd period - Spencer Smallman wins face-off versus Tristen Nielsen in SHEDIAC CRUNCH zone.
6:25 of 3rd period - Shot by Chase Wouters.
6:25 of 3rd period - Stopped by Matt Villalta without a rebound.
6:26 of 3rd period - Cooper Marody wins face-off versus Dylan Gambrell in SHEDIAC CRUNCH zone.
6:37 of 3rd period - Shot by Cooper Marody.
6:37 of 3rd period - Shot Misses the Net.
6:47 of 3rd period - Shot by Marc Del Gaizo.
6:47 of 3rd period - Shot Blocked by Brogan Rafferty.
6:49 of 3rd period - Shot by Marc Del Gaizo.
6:49 of 3rd period - Goal by Marc Del Gaizo - SHEDIAC CRUNCH : 4 - ST-PAUL TARANTULAS : 2.
6:50 of 3rd period - Filip Engaras wins face-off versus Ryan McGregor in neutral zone.
7:02 of 3rd period - Shot by Filip Engaras.
7:02 of 3rd period - Stopped by Jacob Ingham without a rebound.
7:03 of 3rd period - Dylan Gambrell wins face-off versus Tristen Nielsen in ST-PAUL TARANTULAS zone.
7:06 of 3rd period - Shot by Spencer Smallman.
7:06 of 3rd period - Shot Misses the Net.
7:21 of 3rd period - Shot by Tristen Nielsen.
7:21 of 3rd period - Shot Misses the Net.
7:27 of 3rd period - Shot by Lucas Edmonds.
7:27 of 3rd period - Shot Misses the Net.
7:29 of 3rd period - Shot by Bryan Yoon.
7:29 of 3rd period - Stopped by Matt Villalta with a rebound.
7:31 of 3rd period - Shot by Lucas Edmonds.
7:31 of 3rd period - Shot Misses the Net.
7:33 of 3rd period - Shot by Ben Gleason.
7:33 of 3rd period - Stopped by Matt Villalta with a rebound.
8:09 of 3rd period - Shot by Cooper Marody.
8:09 of 3rd period - Shot Misses the Net.
8:32 of 3rd period - Minor Penalty to Justin Barron for Cross-checking.
8:33 of 3rd period - Tristen Nielsen wins face-off versus Ben Berard in SHEDIAC CRUNCH zone.
8:36 of 3rd period - Shot by Lucas Edmonds.
8:36 of 3rd period - Shot Blocked by Jake Bischoff.
8:38 of 3rd period - Shot by Ben Gleason.
8:38 of 3rd period - Stopped by Matt Villalta without a rebound.
8:39 of 3rd period - Ben Berard wins face-off versus Lucas Edmonds in SHEDIAC CRUNCH zone.
9:43 of 3rd period - Shot by Cooper Marody.
9:43 of 3rd period - Shot Misses the Net.
9:45 of 3rd period - Shot by Riley Sutter.
9:45 of 3rd period - Shot Misses the Net.
10:34 of 3rd period - Shot by Ben Gleason.
10:34 of 3rd period - Deflect By Ryan McGregor.
10:34 of 3rd period - Shot Misses the Net.
10:36 of 3rd period - Shot by Adam Ginning.
10:36 of 3rd period - Shot Misses the Net.
10:38 of 3rd period - Shot by Adam Ginning.
10:38 of 3rd period - Shot Misses the Net.
10:55 of 3rd period - Off-side.
10:56 of 3rd period - Tarun Fizer wins face-off versus Rourke Chartier in neutral zone.
11:08 of 3rd period - Shot by Cooper Marody.
11:08 of 3rd period - Stopped by Matt Villalta without a rebound.
11:09 of 3rd period - Ty Glover wins face-off versus Spencer Smallman in SHEDIAC CRUNCH zone.
12:04 of 3rd period - Icing by Marc Del Gaizo.
12:05 of 3rd period - Cooper Marody wins face-off versus Filip Engaras in ST-PAUL TARANTULAS zone.
13:08 of 3rd period - Shot by Lucas Edmonds.
13:08 of 3rd period - Stopped by Matt Villalta with a rebound.
13:50 of 3rd period - Shot by Zach Sanford.
13:50 of 3rd period - Shot Misses the Net.
13:52 of 3rd period - Shot by Rourke Chartier.
13:52 of 3rd period - Shot Blocked by Cole Clayton.
13:57 of 3rd period - Rourke Chartier is hit by Tyson Hinds and loses puck.
14:22 of 3rd period - Shot by Spencer Smallman.
14:22 of 3rd period - Goal by Spencer Smallman - SHEDIAC CRUNCH : 5 - ST-PAUL TARANTULAS : 2.
14:23 of 3rd period - Riley Sutter wins face-off versus Dylan Gambrell in neutral zone.
14:32 of 3rd period - Shot by Cooper Marody.
14:32 of 3rd period - Stopped by Matt Villalta with a rebound.
14:34 of 3rd period - Shot by Marc Del Gaizo.
14:34 of 3rd period - Shot Misses the Net.
14:38 of 3rd period - Shot by Cooper Marody.
14:38 of 3rd period - Goal by Cooper Marody - SHEDIAC CRUNCH : 5 - ST-PAUL TARANTULAS : 3.
14:39 of 3rd period - Ryan McGregor wins face-off versus Dylan Gambrell in neutral zone.
14:59 of 3rd period - Griffin Mendel and Dylan Gambrell fight to a draw.
14:59 of 3rd period - Penalty to Griffin Mendel for Fighting.
14:59 of 3rd period - Penalty to Dylan Gambrell for Fighting.
15:00 of 3rd period - Cooper Marody wins face-off versus Filip Engaras in ST-PAUL TARANTULAS zone.
15:04 of 3rd period - Icing by Aidan McDonough.
15:05 of 3rd period - Cooper Marody wins face-off versus Alex Whelan in ST-PAUL TARANTULAS zone.
15:46 of 3rd period - Shot by Cooper Marody.
15:46 of 3rd period - Deflect By Riley Sutter.
15:46 of 3rd period - Shot Blocked by Jake Bischoff.
16:29 of 3rd period - Shot by Rourke Chartier.
16:29 of 3rd period - Shot Hit the Post.
16:31 of 3rd period - Shot by Zach Sanford.
16:31 of 3rd period - Stopped by Jacob Ingham with a rebound.
17:16 of 3rd period - Shot by Tristen Nielsen.
17:16 of 3rd period - Shot Blocked by Adam Karashik.
17:22 of 3rd period - Cole Clayton is hit by Chris Harpur and loses puck.
18:33 of 3rd period - Shot by Zach Sanford.
18:33 of 3rd period - Stopped by Jacob Ingham with a rebound.
18:50 of 3rd period - Off-side.
18:51 of 3rd period - Dalton Smith wins face-off versus Tristen Nielsen in neutral zone.
19:03 of 3rd period - Shot by Tristen Nielsen.
19:03 of 3rd period - Shot Misses the Net.
19:19 of 3rd period - Shot by Dalton Smith.
19:19 of 3rd period - Stopped by Jacob Ingham without a rebound.
19:20 of 3rd period - Tarun Fizer wins face-off versus Filip Engaras in ST-PAUL TARANTULAS zone.
19:20 of 3rd period - Marc Del Gaizo is hit by Filip Engaras and loses puck.
19:38 of 3rd period - Shot by Rourke Chartier.
19:38 of 3rd period - Stopped by Jacob Ingham with a rebound.
19:48 of 3rd period - Shot by Cooper Marody.
19:48 of 3rd period - Stopped by Matt Villalta with a rebound.
Goals for this period are 1 for SHEDIAC CRUNCH vs 2 for ST-PAUL TARANTULAS.
Shots for this period are 9 for SHEDIAC CRUNCH vs 17 for ST-PAUL TARANTULAS.